 Dungeon Crawl Stone Soup version 0.30-a0-540-g0af01429fa (webtiles) character file.

Game seed: 7508398965172151362

307 freelancePsychic the Sneak (level 6, -5/29 HPs)
             Began as a Spriggan Hexslinger on Dec 25, 2022.
             Was an Initiate of Okawaru.
             Slain by Eustachio
             ... wielding a +0 rapier
              (9 damage)
             ... on level 4 of the Dungeon on Dec 26, 2022.
             The game lasted 00:07:49 (3362 turns).

freelancePsychic the Sneak (Spriggan Hexslinger)    Turns: 3362, Time: 00:07:50

Health: -5/29      AC:  2    Str:  6    XL:     6   Next: 16%
Magic:  7/9        EV: 18    Int: 15    God:    Okawaru [......]
Gold:   135        SH:  0    Dex: 17    Spells: 6/7 levels left

rFire   . . .      SeeInvis +    a - +1 sling
rCold   . . .      Faith    .    (no shield)
rNeg    . . .      Spirit   .    c - +0 robe
rPois   .          Reflect  .    (helmet restricted)
rElec   .          Harm     .    (no cloak)
rCorr   .          Rampage  .    (gloves unavailable)
Will    +....                    (boots unavailable)
Stlth   +++                      (no amulet)
HPRegen 0.24/turn                (no ring)
MPRegen 0.11/turn                (no ring)

@: attractive, flying, very quick
A: very small, no large weapons, unfitting armour, see invisible, speed 3
a: Renounce Religion


You were on level 4 of the Dungeon.
You worshipped Okawaru.
Okawaru was noncommittal.
You visited 1 branch of the dungeon, and saw 4 of its levels.

You collected 135 gold pieces.

Inventory:

Hand Weapons
 a - a +1 sling (weapon)
Armour
 c - a +0 robe (worn)
Wands
 g - a wand of flame (14)
Scrolls
 b - a scroll of poison
 f - a scroll of torment
 l - a scroll of noise
 m - a scroll of enchant weapon
Potions
 d - 2 potions of attraction
 i - a potion of flight
 j - a potion of brilliance {unknown}
 k - 2 potions of cancellation {unknown}


   Skills:
 - Level 0.7 Fighting
 + Level 3.9 Ranged Weapons
 - Level 3.7 Dodging
 + Level 5.9 Stealth
 - Level 1.3 Spellcasting
 - Level 4.1 Hexes
 + Level 1.8 Invocations


You had 6 spell levels left.
You knew the following spells:

 Your Spells              Type           Power      Damage    Failure   Level
a - Slow                  Hex            52%        N/A       4%          1

Your spell library contained the following spells:

 Spells                   Type           Power      Damage    Failure   Level
 Inner Flame              Hex/Fire       7%         N/A       30%         3
 Portal Projectile        Hex/Tloc       14%        N/A       30%         3
 Cause Fear               Hex            6%         N/A       38%         4
 Vhi's Electric Charge    Tloc/Air       2%         N/A       56%         3
 Arcjolt                  Conj/Air       0%         1d10      100%        5
 Maxwell's Capacitive Co  Air            0%         ∞         100%        8


Dungeon Overview and Level Annotations

Branches:
Dungeon (4/15)
 Temple: D:4-7

Altars:
Nemelex Xobeh
Okawaru
Wu Jian
The Shining One

Annotations:
D:2 exclusion: quokka, Sigmund
D:4 exclusion: orc priest, Eustachio


Innate Abilities, Weirdness & Mutations

You are very small and have problems with some larger weapons.
You are too small for most types of armour.
You have supernaturally acute eyesight. (SInv)
You cover ground extremely quickly. (Speed+++)


Message History

The orc wizard hits you with a +0 dagger.
* * * LOW HITPOINT WARNING * * *
An orc comes into view. It is wielding a +0 flail.
As you read the scroll of teleportation {@r4}, it crumbles to dust.
You feel strangely unstable.
The orc wizard hits you with a +0 dagger.
* * * LOW HITPOINT WARNING * * *
The orc throws a boomerang.
The boomerang barely misses the orc wizard.
The boomerang hits you.
* * * LOW HITPOINT WARNING * * *
The orc is attracted toward you.
You see here a +0 hand axe.
The orc wizard is attracted toward you. The orc is attracted toward you.
You see here a +0 short sword.
What are your orders? t - Shout!
Orders for allies: a - Attack new target. p - Attack previous target. r - Retreat! s - Stop attacking. g - Guard the area. f - Follow me.
Anything else - Cancel.
Okay, then.
The orc wizard is attracted toward you. The orc wizard is attracted toward you.
The orc is attracted toward you.
Your surroundings suddenly seem different.
Eustachio shouts!
Eustachio is attracted toward you. Eustachio is attracted toward you.
As you read the scroll labelled SECUYM JAERACLO, it crumbles to dust.
The creatures around you are filled with an inner flame!
It was a scroll of immolation.
Fire: a) +1 sling
Press: ? - help, Shift-Dir - straight line, f - Eustachio
Aim: Eustachio, wielding a +0 rapier and wearing a +0 leather armour (inner flame, 48% to hit)
You shoot a sling bullet.
The sling bullet barely misses Eustachio.
You hear a shout! x2
Eustachio hits you with a +0 rapier!
You die...

#.##.# #.##.# #.
#.##.##.## #.
#.##.#...## #.
#.##......§. #.##
#.####...#...#..##
#.# #.##...#...###
#)# #.##.........#
#.# #.# #..#.@@#
#.#####.###.....##
#............####
#######.###..# #.#
# #.# ##.# #..# #
#.## .#


You could see Eustachio (inner flame).

Vanquished Creatures
  A phantom (D:3)
  A scorpion (D:3)
  An iguana (D:3)
  An orc wizard (D:3)
  5 adders
  8 orcs
  4 ball pythons
  5 endoplasms
  2 giant cockroaches
  6 hobgoblins
  5 jackals
  8 quokkas
  4 bats
  3 frilled lizards
  8 goblins
  4 kobolds
  3 rats
69 creatures vanquished.

Notes
Turn   | Place    | Note
-------+----------+-------------------------------------------
     0 | D:1      | freelancePsychic the Spriggan Hexslinger began the quest
                  | for the Orb.
     0 | D:1      | Reached XP level 1. HP: 9/9 MP: 3/3
   170 | D:1      | Reached skill level 1 in Stealth
   314 | D:1      | Reached XP level 2. HP: 14/14 MP: 5/5
   340 | D:1      | Reached skill level 2 in Stealth
   354 | D:1      | You fall into a shaft and drop 1 floor!
   813 | D:2      | Reached skill level 3 in Stealth
   813 | D:2      | Reached XP level 3. HP: 14/17 MP: 6/6
  1135 | D:2      | Noticed Sigmund
  1560 | D:3      | Reached skill level 4 in Stealth
  1560 | D:3      | Reached XP level 4. HP: 21/21 MP: 7/7
  1618 | D:3      | Found a glowing golden altar of the Shining One.
  1927 | D:3      | Identified the +1 ring mail of Slovenliness {+Inv rC+}
  2429 | D:3      | Reached XP level 5. HP: 25/25 MP: 8/8
  2660 | D:3      | Found an iron altar of Okawaru.
  2660 | D:3      | Found an ornate altar of the Wu Jian Council.
  2664 | D:3      | Became a worshipper of Warmaster Okawaru
  2834 | D:4      | Noticed a sky beast
  2834 | D:4      | Found a sparkling altar of Nemelex Xobeh.
  2929 | D:4      | Noticed a phantom
  2997 | D:3      | Reached skill level 5 in Stealth
  2997 | D:3      | Reached skill level 1 in Invocations
  3059 | D:3      | Killed a phantom
  3060 | D:3      | Reached XP level 6. HP: 28/29 MP: 9/9
  3195 | D:4      | Noticed Eustachio
  3362 | D:4      | Slain by Eustachio

Illustrated notes

Levels and vault maps discovered:
D:1:      dpeg_arrival_shelter, layout_basic, serial_glass, glass_columns_a,
          glass_columns_a, due_unseen_surprise, feat_on_display,
          reono_crystal_passage, minmay_parallelograms
D:2:      layout_loops_ring, uniq_sigmund
D:3:      kennysheep_big_flooded_room, layout_loops_corners, lemuel_tele_altar,
          gammafunk_temple_overflow_wave, chequers_serial_rivers_micro_b,
          roderic_serpentine_path, grunt_ministairs_14
D:4:      layout_loops_ring, nemelex_xobeh_ov_fountains_minmay, uniq_grinder,
          uniq_eustachio

Skill      XL: |  1  2  3  4  5 |
---------------+----------------+-----
Stealth        | 1 3 4 5 |  5.9
Hexes          | 4 |  4.1
Dodging        | 3 |  3.7
Ranged Weapons | 3 |  3.9
Invocations    | 1 |  1.8
Fighting       | |  0.7
Spellcasting   | |  1.3

Action                   |  1- 3 |  4- 6 || total
-------------------------+-------+-------++-------
 Fire: Sling             |   143 |   133 ||   276
 Cast: Slow              |       |     7 ||     7
Evoke: Wand              |       |     3 ||     3
  Use: Scroll            |       |     6 ||     6
       Potion            |       |     3 ||     3
Armor: Robe              |     9 |     4 ||    13
Dodge: Dodged            |    47 |    39 ||    86

Table legend: (Time is in decaauts)
 A = Elapsed time spent in this place.
 B = Non-inter-level travel time spent in this place.
 C = Inter-level travel time spent in this place.
 D = Time resting spent in this place.
 E = Time spent auto-exploring this place.
 F = Levels seen in this place.
 G = Mean time per level.
                   A        B        C        D        E       F      G
               +--------+--------+--------+--------+--------+-----+--------+
         Total |   2340 |   2201 |    139 |     72 |   1399 |   4 |  585.0 |
       Dungeon |   2340 |   2201 |    139 |     72 |   1399 |   4 |  585.0 |
               +--------+--------+--------+--------+--------+-----+--------+

Top non-repeatable levels by time:
     D:3: 1034 daAuts
     D:1: 628 daAuts
     D:2: 495 daAuts
     D:4: 181 daAuts
